 Dungeon Crawl Stone Soup version 0.22.1-2-g9c5b331 (webtiles) character file.

1494 Gearfox the Cleaver (level 8, -1/70 HPs)
             Began as a Hill Orc Fighter on Nov 29, 2018.
             Slain by a killer bee (6 damage)
             ... on level 6 of the Dungeon.
             The game lasted 00:27:24 (7988 turns).

Gearfox the Cleaver (Hill Orc Fighter)              Turns: 7988, Time: 00:27:24

Health: -1/70      AC: 11    Str: 31    XL:     8   Next: 81%
Magic:  7/7        EV: 10    Int:  8    God:
Gold:   280        SH:  4    Dex: 12    Spells: 7/7 levels left

rFire    . . .     SeeInvis .   a - +1 war axe
rCold    . . .     Gourm    .   (no shield)
rNeg     . . .     Faith    .   b - +1 scale mail
rPois    +         Spirit   .   (helmet restricted)
rElec    .         Reflect  .   n - +0 cloak
rCorr    .         Harm     .   o - +0 pair of gloves
MR       .....                  (no boots)
Stlth    ..........             l - amulet of the acrobat
HPRegen  0.21/turn              y - ring of poison resistance
MPRegen  0.10/turn              m - +5 ring of strength

@: mighty
A: antennae 1, large bone plates 1, agile 1, low mp 1
a: no special abilities


You were on level 6 of the Dungeon.
You were hungry.

You visited 1 branch of the dungeon, and saw 6 of its levels.

You collected 280 gold pieces.

Inventory:

Hand Weapons
 a - a +1 war axe (weapon)
 p - a +0 flail
 C - a +3 vampiric scythe
Armour
 b - a +1 scale mail (worn)
 c - a +0 shield
 n - a +0 cloak (worn)
 o - a +0 pair of gloves (worn)
 s - a +0 helmet
Jewellery
 e - an uncursed ring of flight
 l - an amulet of the acrobat (around neck)
 m - a +5 ring of strength (right hand)
 v - an uncursed ring of protection from fire
 y - a ring of poison resistance (left hand)
Wands
 x - a wand of acid (8)
 B - a wand of random effects (13)
Scrolls
 h - a scroll of magic mapping
 r - a scroll of amnesia
 u - 3 scrolls of teleportation
 A - 2 scrolls of remove curse
 D - a scroll of fog
 E - a scroll of enchant armour
Potions
 g - a potion of haste
 i - 2 potions of mutation
 j - a potion of berserk rage {unknown}
 k - 2 potions of agility {unknown}
 q - 2 potions of brilliance {unknown}
 t - 4 potions of curing {unknown}
 z - a potion of ambrosia {unknown}
Comestibles
 f - 13 rations


   Skills:
 - Level 6.0 Fighting
 * Level 9.9 Axes
 * Level 7.9 Armour
 - Level 3.2 Shields
 + Level 0.1 Evocations


You had 7 spell levels left.
You didn't know any spells.
Your spell library was empty.

Dungeon Overview and Level Annotations

Branches:
Dungeon (6/15)
 Temple: D:4-7

Altars:
Elyvilon
Xom

Annotations:
D:3 1 runed door
D:5 2 runed doors, Lluna's ghost, novice FoFi


Innate Abilities, Weirdness & Mutations

You have a pair of small antennae on your head.
You are partially covered in large bone plates. (SH +4)
You are agile. (Dex +2)
Your magical capacity is low. (-10% MP)


Message History

A pair of antennae grows on your head!
Your +0 helmet falls away!
You feel less energetic.
You feel agile.
Large bone plates grow over parts of your arms.
The killer bee barely misses you. x2; The killer bee closely misses you.
You block the killer bee's attack. The killer bee barely misses you.
You block the killer bee's attack.
You are feeling hungry.
You miss the killer bee. x2; You slash the killer bee!
You kill the killer bee!
You block the killer bee's attack. The killer bee stings you.
* * * LOW HITPOINT WARNING * * *
The killer bee barely misses you. The killer bee stings you.
* * * LOW HITPOINT WARNING * * *
The killer bee misses you. The killer bee stings you.
* * * LOW HITPOINT WARNING * * *
You closely miss the killer bee. You barely miss the killer bee.
You slash the killer bee! The killer bee closely misses you.
The killer bee stings you.
You die...

.#....# ##+#.####
a#....# .......
...... ..... .#...
...
.#..############'#
.................#
....#.#########..#
.#..#.#.......#yy#
.#..#.#........y@#
....#a#######.#.##
#...#.# #.#.# ....#.#
#.#.#
....#.#######.#.#
#...#...........#
#...#########.###
#.>..# #.#
#.##.########+#######


You could see 3 killer bees.

Vanquished Creatures
  A hippogriff (D:5)
  Sigmund (D:6)
  An orc warrior (D:6)
  A black bear (D:6)
  A centaur (D:6)
  A water moccasin skeleton (D:6)
  A killer bee (D:6)
  A howler monkey (D:6)
  2 crimson imps (D:5)
  A quasit (D:6)
  A hound (D:6)
  4 orc priests
  3 orc wizards
  A bullfrog skeleton (D:4)
  A centaur skeleton (D:4)
  3 worker ants
  3 gnolls (D:6)
  10 adders
  3 oozes
  An adder zombie (D:5)
  An adder skeleton (D:4)
  3 worms
  5 dart slugs
  3 leopard geckos
  19 orcs
  10 giant cockroaches
  11 goblins
  7 hobgoblins
  6 jackals
  2 quokkas
  A ball python (D:2)
  9 bats
  A frilled lizard (D:1)
  10 kobolds
  8 rats
137 creatures vanquished.

Vanquished Creatures (others)
  An orc wizard (D:6)
1 creature vanquished.

Grand Total: 138 creatures vanquished

Notes
Turn   | Place    | Note
-------+----------+-------------------------------------------
     0 | D:1      | Gearfox the Hill Orc Fighter began the quest for the Orb.
     0 | D:1      | Reached XP level 1. HP: 19/19 MP: 1/1
   119 | D:1      | Reached skill level 3 in Axes
   139 | D:1      | Reached XP level 2. HP: 26/26 MP: 2/2
   222 | D:1      | Reached skill level 4 in Axes
   673 | D:1      | Reached XP level 3. HP: 24/31 MP: 3/3
  1135 | D:1      | Reached skill level 5 in Axes
  1641 | D:2      | Reached XP level 4. HP: 29/39 MP: 4/4
  1945 | D:2      | Reached skill level 6 in Axes
  2944 | D:3      | Reached XP level 5. HP: 45/45 MP: 5/5
  3299 | D:3      | Found a runed door.
  3745 | D:3      | Reached skill level 7 in Axes
  4067 | D:4      | Reached skill level 8 in Axes
  4067 | D:4      | Reached XP level 6. HP: 9/51 MP: 6/6
  5338 | D:5      | Entered Level 5 of the Dungeon
  5449 | D:5      | Reached XP level 7. HP: 60/60 MP: 7/7
  5559 | D:5      | Noticed a hippogriff
  5573 | D:5      | Killed a hippogriff
  5573 | D:5      | Reached skill level 5 in Fighting
  5573 | D:5      | Reached skill level 5 in Armour
  5970 | D:5      | Found a large runed door.
  5970 | D:5      | Found a large runed door.
  5976 | D:5      | Noticed Lluna's ghost (novice FoFi)
  6582 | D:5      | Found a shimmering altar of Xom.
  6928 | D:6      | Reached XP level 8. HP: 42/70 MP: 8/8
  7160 | D:6      | Noticed Sigmund
  7169 | D:6      | Killed Sigmund
  7258 | D:6      | Reached skill level 9 in Axes
  7681 | D:6      | Found a white marble altar of Elyvilon.
  7986 | D:6      | Gained mutation: You have a pair of small antennae on your
                  | head. [potion of mutation]
  7986 | D:6      | Gained mutation: Your magical capacity is low. (-10% MP)
                  | [potion of mutation]
  7986 | D:6      | Gained mutation: You are agile. (Dex +2) [potion of
                  | mutation]
  7986 | D:6      | Gained mutation: You are partially covered in large bone
                  | plates. (SH +4) [potion of mutation]
  7988 | D:6      | Slain by a killer bee

Skill      XL: |  1  2  3  4  5  6  7  8 |
---------------+-------------------------+-----
Axes           | 3 4 5 6 8 9 |  9.9
Fighting       | 4 6 |  6.0
Armour         | 4 6 7 |  7.9
Shields        | |  3.2
Evocations     | |  0.1

Action                   |  1- 3 |  4- 6 |  7- 9 || total
-------------------------+-------+-------+-------++-------
Melee: War axe           |   115 |   216 |   139 ||   470
Evoke: Wand              |       |       |     2 ||     2
  Use: Scroll            |     1 |    10 |     4 ||    15
       Potion            |       |       |     3 ||     3
  Eat: Chunk             |     2 |     9 |     1 ||    12
       Ration            |       |     1 |     2 ||     3
Armor: Scale mail        |    63 |   132 |    92 ||   287
Dodge: Dodged            |    69 |   120 |   118 ||   307
Block: Shield            |    23 |       |       ||    23
       Other             |       |       |     3 ||     3
